AoeStats
← Morris=w=

Arena

508720493Analyzed
4v4 RM · 9d ago on Sep 23, 2026· 64m 41s· 8 players
Game mode
Random Map
Map size
Large (8 player)
Population
200
Speed
Normal
Resources
Standard
Victory
Conquest
Starting age
Dark Age
Ending age
Imperial Age
RankedLock teamsTeams togetherTeam positionsShared explorationLock speedFull tech treeHidden civsTurbo modeCheats
Victory
Defeat
🇺🇸 Franks · United States
1480
+17
🇨🇴 Saxons · Colombia
1451
+18
🇫🇷 Khmer · France
1440
+19
🇩🇪 Saxons · Germany
1438
+19
🇭🇰 Cumans · Hong Kong SAR China
1589
-21
🇭🇺 Varangians · Hungary
1534
-20
🇺🇸 Italians · United States
1490
-18
🇬🇧 Byzantines · United Kingdom
1408
-14
hypn0s
10:10 Feudal Age
13:11 Castle Age
11:20 Double-Bit Axe
12:09 Horse Collar
15:03 Wheelbarrow
16:33 Bow Saw
20:05 Heavy Plow
22:34 Hand Cart
22:54 Loom
26:42 Imperial Age
24:15 Stone Mining
27:35 Imperial Age
25:49 Bloodlines
25:40 Husbandry
25:54 Forging
25:49 Scale Barding Armor
25:45 Gold Mining
27:31 Iron Casting
28:39 Gold Shaft Mining
28:25 Elite Battle Elephant
30:34 Chain Barding Armor
32:11 Tusk Swords
33:54 Conscription
33:17 Heavy Scorpion
35:57 Ballistics
37:52 Chemistry
38:42 Blast Furnace
38:02 Light Cavalry
40:08 Plate Barding Armor
41:26 Hussar
42:16 Double Crossbow
43:02 Siege Engineers
54:17 Caravan
软脚虾3号
6:10 Loom
8:19 Feudal Age
9:46 Fletching
14:23 Town Watch
21:37 Double-Bit Axe
21:33 Horse Collar
24:23 Castle Age
22:51 Gold Mining
24:40 Stone Mining
25:21 Bow Saw
25:29 Heavy Plow
30:50 Wheelbarrow
30:53 Gold Shaft Mining
32:14 Hand Cart
33:08 Ballistics
36:03 Imperial Age
34:04 Bodkin Arrow
34:09 Padded Archer Armor
34:22 Masonry
34:22 Fortified Wall
35:10 Thumb Ring
36:29 Leather Archer Armor
36:06 Heavy Mounted Crossbowman
36:06 Cranequins
36:47 Bracer
37:57 Chemistry
37:22 Conscription
37:31 Husbandry
37:46 Bloodlines
38:38 Ring Archer Armor
40:24 Elite Skirmisher
41:59 Siege Engineers
42:24 Architecture
43:23 Caravan
45:25 Two-Man Saw
44:57 Crop Rotation
45:41 Capped Ram
46:05 Treadmill Crane
46:40 Siege Ram
48:44 Scale Mail Armor
48:09 Elite Varangian Guard
48:50 Squires
48:35 Arson
48:14 Elite Varangian Guard
50:03 Chain Mail Armor
51:43 Plate Mail Armor
51:23 Forging
54:39 Hoardings
55:59 Iron Casting
60:49 Coinage
AM | Tailor
10:35 Feudal Age
15:00 Castle Age
13:07 Double-Bit Axe
13:39 Horse Collar
16:00 Bow Saw
16:25 Scale Mail Armor
17:32 Gold Mining
18:28 Town Watch
19:42 Loom
20:42 Forging
24:56 Chain Mail Armor
26:29 Wheelbarrow
31:21 Imperial Age
30:04 Padded Archer Armor
30:22 Heavy Plow
30:13 Stone Mining
30:58 Gold Shaft Mining
30:13 Stone Mining
30:58 Gold Shaft Mining
30:31 Fletching
31:25 Thumb Ring
33:05 Chemistry
32:42 Ballistics
32:49 Conscription
33:25 Bodkin Arrow
33:46 Leather Archer Armor
33:36 Cranequins
35:49 Bracer
36:19 Ring Archer Armor
37:18 Hand Cart
36:52 Heavy Mounted Crossbowman
40:13 Masonry
40:14 Fortified Wall
39:44 Treadmill Crane
39:47 Elite Skirmisher
42:18 Architecture
41:54 Siege Engineers
41:45 Murder Holes
42:16 Guard Tower
42:27 Murder Holes
42:44 Pikeman
43:24 Squires
43:10 Gambesons
46:07 Ring Archer Armor
47:30 Plate Mail Armor
53:16 Capped Ram
hoffypianoman
2:35 Loom
5:11 Loom
10:25 Feudal Age
11:57 Double-Bit Axe
14:43 Castle Age
15:44 Bow Saw
18:00 Wheelbarrow
23:07 Scale Barding Armor
24:08 Husbandry
28:05 Chain Barding Armor
29:44 Forging
32:21 Imperial Age
30:09 Hand Cart
29:41 Loom
29:42 Town Watch
31:17 Iron Casting
32:32 Cavalier
33:51 Plate Barding Armor
37:09 Gold Mining
37:09 Stone Mining
38:24 Blast Furnace
37:26 Scale Mail Armor
36:48 Pikeman
39:12 Fortified Wall
39:16 Fletching
40:31 Chain Mail Armor
40:38 Bodkin Arrow
41:03 Squires
41:25 Halberdier
42:41 Conscription
43:13 Plate Mail Armor
44:26 Caravan
44:15 Light Cavalry
46:18 Chivalry
47:08 Masonry
47:21 Ballistics
49:01 Elite Throwing Axeman
50:13 Architecture
53:50 Hoardings
54:51 Padded Archer Armor
63:07 Paladin
Morris=w=
9:01 Feudal Age
9:35 Double-Bit Axe
9:32 Horse Collar
15:49 Gold Mining
19:56 Castle Age
19:07 Wheelbarrow
18:55 Scale Barding Armor
19:17 Loom
20:06 Bloodlines
20:10 Forging
20:58 Bow Saw
24:19 Heavy Plow
25:51 Chain Barding Armor
27:18 Gold Shaft Mining
30:47 Imperial Age
29:24 Hand Cart
29:37 Stone Mining
29:48 Capped Ram
30:51 Elite Steppe Lancer
32:08 Iron Casting
32:09 Plate Barding Armor
32:01 Siege Ram
34:45 Blast Furnace
40:19 Two-Man Saw
39:41 Pikeman
40:51 Squires
40:55 Scale Mail Armor
40:33 Halberdier
42:02 Chain Mail Armor
42:42 Light Cavalry
44:00 Ballistics
44:40 Chemistry
44:42 Plate Mail Armor
46:05 Town Watch
47:16 Fletching
48:02 Bodkin Arrow
51:38 Conscription
56:37 Caravan
58:23 Onager
DraveczB
11:15 Feudal Age
14:58 Castle Age
13:40 Double-Bit Axe
13:54 Horse Collar
17:34 Loom
22:10 Wheelbarrow
22:40 Heavy Plow
23:04 Bow Saw
23:44 Stone Mining
24:18 Gold Mining
25:53 Hand Cart
25:25 Town Watch
27:03 Stone Shaft Mining
30:06 Imperial Age
27:38 Scale Mail Armor
27:48 Forging
28:05 Town Patrol
28:34 Husbandry
28:44 Bloodlines
29:13 Forging
29:08 Scale Barding Armor
30:18 Chain Mail Armor
30:38 Iron Casting
31:11 Conscription
30:13 Elite Jarl
30:14 Gothikon
30:35 Pikeman
31:15 Squires
31:01 Arson
31:38 Chain Mail Armor
31:21 Halberdier
33:13 Blast Furnace
33:26 Plate Mail Armor
34:01 Chain Barding Armor
37:14 Plate Barding Armor
42:37 Arson
62:31 Fortified Wall
SeemsFishy
10:57 Feudal Age
14:38 Castle Age
12:46 Double-Bit Axe
13:12 Horse Collar
15:43 Wheelbarrow
15:45 Bow Saw
16:29 Heavy Plow
19:50 Loom
26:49 Scale Barding Armor
30:26 Imperial Age
28:36 Hand Cart
28:34 Gold Mining
28:41 Stone Mining
31:36 Murder Holes
31:35 Fletching
32:17 Bodkin Arrow
33:16 Padded Archer Armor
33:30 Fortified Wall
34:04 Sanctity
34:34 Block Printing
35:44 Bracer
35:59 Leather Archer Armor
35:35 Elite Skirmisher
37:49 Ring Archer Armor
38:20 Illumination
38:30 Theocracy
39:24 Chemistry
41:31 Bombard Tower
42:11 Thumb Ring
42:30 Chain Barding Armor
43:33 Conscription
45:33 Ballistics
44:54 Treadmill Crane
47:07 Scale Mail Armor
47:17 Forging
46:32 Pikeman
47:13 Squires
47:36 Halberdier
47:40 Elite Varangian Guard
50:23 Arson
51:28 Coinage
51:30 Halberdier
53:41 Chain Mail Armor
54:01 Iron Casting
54:29 Banking
58:02 Plate Mail Armor
62:04 Elite Cataphract
63:49 Logistica
65:22 Chain Barding Armor
KaLong
5:09 Loom
10:30 Feudal Age
17:31 Fletching
26:21 Castle Age
27:36 Bodkin Arrow
27:41 Padded Archer Armor
28:48 Double-Bit Axe
31:32 Bow Saw
33:01 Ballistics
32:45 Padded Archer Armor
39:14 Imperial Age
39:26 Imperial Age
41:08 Chemistry
40:10 Bracer
42:25 Elite Skirmisher
Connection lost

Rejoining the realm…

Still unreachable

The connection could not be restored.

Session expired

The server has moved on; the page needs a fresh start.